 Dungeon Crawl Stone Soup version 0.30-a0-1163-gf69bf04e7a (webtiles) character file.

Game seed: 15318561820416957366

7 IndexError the Chiller (level 1, 0/13 HPs)
             Began as a Demonspawn Ice Elementalist on Apr 28, 2023.
             Slain by a hobgoblin (3 damage)
             ... on level 1 of the Dungeon.
             The game lasted 00:01:02 (168 turns).

IndexError the Chiller (Demonspawn Ice Elementalist) Turns: 168, Time: 00:01:02

Health: 0/13       AC:  6    Str:  8    XL:     1   Next: 91%
Magic:  0/4        EV: 12    Int: 16    God:
Gold:   0          SH:  0    Dex: 13    Spells: 4/5 levels left

rFire   . . .        (no weapon)
rCold   . . .        (no shield)
rNeg    . . .        a - +0 robe
rPois   .            (no helmet)
rElec   .            (no cloak)
rCorr   .            (no gloves)
SInv    .            (no boots)
Will    .....        (no amulet)
Stlth   ++           c - ring of wizardry {Wiz+, !d}
HPRegen 0.22/turn    d - +4 ring of protection
MPRegen 0.09/turn

%: wizardry (x1)
@: no status effects
A: no striking features
a: no special abilities


You were on level 1 of the Dungeon.
You visited 1 branch of the dungeon, and saw 1 of its levels.

Inventory:

Armour
 a - a +0 robe (worn)
Jewellery
 c - a ring of wizardry (left hand) {Wiz+, !d}
   (You found it on level 1 of the Dungeon)
 d - a +4 ring of protection (right hand)
   (You found it on level 1 of the Dungeon)
Potions
 b - a potion of magic
 e - a potion of mutation {unknown}


   Skills:
 - Level 1.7 Dodging
 - Level 1.7 Stealth
 + Level 2.6 Spellcasting
 - Level 3.6 Ice Magic


You had 4 spell levels left.
You knew the following spells:

 Your Spells              Type           Power      Damage    Failure   Level
a - Freeze                Ice            52%        1d6       1%          1

Your spell library contained the following spells:

 Spells                   Type           Power      Damage    Failure   Level
 Frozen Ramparts          Ice            26%        1d4       5%          3
 Ozocubu's Armour         Ice            13%        N/A       5%          3
 Summon Ice Beast         Ice/Summ       7%         N/A       34%         4


Dungeon Overview and Level Annotations

Branches:
Dungeon (1/15)

Altars:


Message History

Press: ? - help, Shift-Dir - straight line, f - hobgoblin
Aim: a hobgoblin You miscast Freeze.
You are very lightly contaminated with residual magic.
Nothing appears to happen.
The hobgoblin hits you but does no damage.
You now have 2/4 mp.
Casting: Freeze (safe; 1% risk of failure)
Confirm with . or Enter, or press ? or * to list all spells.
Aiming: Freeze (safe; 1% risk of failure)
Press: ? - help, Shift-Dir - straight line, f/p - hobgoblin
Aim: a hobgoblin You miscast Freeze.
Nothing appears to happen.
The hobgoblin barely misses you.
You now have 1/4 mp.
Casting: Freeze (safe; 1% risk of failure)
Confirm with . or Enter, or press ? or * to list all spells.
Aiming: Freeze (safe; 1% risk of failure)
Press: ? - help, Shift-Dir - straight line, f/p - hobgoblin
Aim: a hobgoblin You freeze the hobgoblin.
The jackal bites you.
The hobgoblin hits you but does no damage.
The jackal bites you but does no damage.
You take 2 damage, and have 11/13 hp.
You now have 0/4 mp.
Casting: Freeze (safe; 1% risk of failure)
Confirm with . or Enter, or press ? or * to list all spells.
You don't have enough magic to cast this spell.
Unknown command.
The hobgoblin attacks as you move away!
The hobgoblin hits you but does no damage.
The hobgoblin drinks a potion.
The hobgoblin is healed!
The jackal misses you. The jackal attacks as you move away!
The jackal bites you but does no damage.
The jackal closely misses you. The jackal attacks as you move away!
The jackal closely misses you. The jackal misses you.
You see here a frilled lizard corpse.
Health restored: 13
Casting: Freeze (safe; 1% risk of failure)
Confirm with . or Enter, or press ? or * to list all spells.
Aiming: Freeze (safe; 1% risk of failure)
Press: ? - help, Shift-Dir - straight line, f - jackal, p - hobgoblin
Aim: a jackal You freeze the jackal.
You now have 0/4 mp.
You hit the hobgoblin but do no damage. The hobgoblin barely misses you.
The jackal misses you.
Your magical contamination has completely faded away.
You closely miss the hobgoblin. The jackal completely misses you.
The hobgoblin barely misses you.
You hit the hobgoblin but do no damage.
The jackal bites you but does no damage.
The hobgoblin hits you. The jackal closely misses you.
You take 1 damage, and have 12/13 hp.
You hit the hobgoblin but do no damage. The jackal barely misses you.
The hobgoblin barely misses you.
You barely miss the hobgoblin.
The jackal bites you but does no damage.
The hobgoblin barely misses you. The jackal bites you.
You take 2 damage, and have 10/13 hp.
You closely miss the hobgoblin. The hobgoblin misses you.
The jackal barely misses you.
Casting: Freeze (safe; 1% risk of failure)
Confirm with . or Enter, or press ? or * to list all spells.
Aiming: Freeze (safe; 1% risk of failure)
Press: ? - help, Shift-Dir - straight line, f - hobgoblin
Aim: a hobgoblin You freeze the hobgoblin.
The jackal misses you. The hobgoblin barely misses you.
You now have 0/4 mp.
You closely miss the hobgoblin.
The jackal bites you but does no damage.
The hobgoblin hits you but does no damage.
The jackal closely misses you.
You barely miss the hobgoblin.
The hobgoblin hits you but does no damage.
The jackal bites you.
You take 1 damage, and have 10/13 hp.
You hit the hobgoblin but do no damage. The jackal bites you.
The hobgoblin barely misses you. The jackal bites you.
You take 2 damage, and have 8/13 hp.
You hit the hobgoblin but do no damage. The hobgoblin hits you.
The jackal barely misses you.
You take 2 damage, and have 6/13 hp.
You hit the hobgoblin but do no damage.
The jackal bites you but does no damage.
The hobgoblin barely misses you.
You hit the hobgoblin but do no damage. The jackal misses you.
The hobgoblin hits you but does no damage.
The jackal closely misses you.
You barely miss the hobgoblin. The jackal bites you.
The hobgoblin barely misses you.
You take 3 damage, and have 4/13 hp.
MASSIVE DAMAGE!!
You completely miss the hobgoblin. The jackal closely misses you.
The hobgoblin hits you but does no damage.
The jackal bites you.
* * * LOW HITPOINT WARNING * * *
You take 1 damage, and have 3/13 hp.
You closely miss the hobgoblin. The hobgoblin hits you.
You die...

.~~~~h...'........♣♣
.~~~~~..##8..8..8.♣
~~~~~~.####.......♣
~~~~~~. ##......♣
.h~~~.. ##....♣♣
....... #....♣
....... #...♣♣
.##>### #gh♣♣ #.
#@♣♣ ♣♣♣


You could see a jackal and a hobgoblin.

Vanquished Creatures
  3 hobgoblins (D:1)
  A jackal (D:1)
  3 frilled lizards (D:1)
7 creatures vanquished.

Notes
Turn   | Place    | Note
-------+----------+-------------------------------------------
     0 | D:1      | IndexError the Demonspawn Ice Elementalist began the quest
                  | for the Orb.
     0 | D:1      | Reached XP level 1. HP: 13/13 MP: 3/3
   167 | D:1      | HP: 3/13 [jackal (1)]
   168 | D:1      | Slain by a hobgoblin

Illustrated notes

Levels and vault maps discovered:
D:1:      kennysheep_arrival_forest, layout_loops_ring, minmay_lizard_pond

Action                     || total
---------------------------++-------
  Melee: Unarmed           ||    20
   Cast: Freeze            ||    11
 Armour: Robe              ||    16
  Dodge: Dodged            ||    30

Table legend: (Time is in decaauts)
 A = Elapsed time spent in this place.
 B = Non-inter-level travel time spent in this place.
 C = Inter-level travel time spent in this place.
 D = Time resting spent in this place.
 E = Time spent auto-exploring this place.
 F = Levels seen in this place.
 G = Mean time per level.
                   A        B        C        D        E       F      G
               +--------+--------+--------+--------+--------+-----+--------+
         Total |    167 |    167 |      0 |      0 |     78 |   1 |  167.0 |
       Dungeon |    167 |    167 |      0 |      0 |     78 |   1 |  167.0 |
               +--------+--------+--------+--------+--------+-----+--------+

Top non-repeatable levels by time:
     D:1: 167 daAuts

Levels and vault maps discovered:
D:1:      kennysheep_arrival_forest, layout_loops_ring, minmay_lizard_pond

Table legend: (Time is in decaauts)
 A = Elapsed time spent in this place.
 B = Non-inter-level travel time spent in this place.
 C = Inter-level travel time spent in this place.
 D = Time resting spent in this place.
 E = Time spent auto-exploring this place.
 F = Levels seen in this place.
 G = Mean time per level.
                   A        B        C        D        E       F      G
               +--------+--------+--------+--------+--------+-----+--------+
         Total |    167 |    167 |      0 |      0 |     78 |   1 |  167.0 |
       Dungeon |    167 |    167 |      0 |      0 |     78 |   1 |  167.0 |
               +--------+--------+--------+--------+--------+-----+--------+

Top non-repeatable levels by time:
     D:1: 167 daAuts

Table legend:
 A = Kills in this place as a percentage of kills in the entire game.
 B = Kills by you in this place as a percentage of kills by you in the entire game.
 C = Kills by friends in this place as a percentage of kills by friends in the entire game.
 D = Other kills in this place as a percentage of other kills in the entire game.
 E = Experience gained in this place as a percentage of experience gained in the entire game.
 F = Experience gained in this place divided by the number of levels of this place that you have seen.
                   A       B       C       D       E      F
               +-------+-------+-------+-------+-------+----------------------
         Total | 100.0 | 100.0 |   N/A |   N/A | 100.0 |  11.0
       Dungeon | 100.0 | 100.0 |   N/A |   N/A | 100.0 |  11.0
               +-------+-------+-------+-------+-------+----------------------
